 Dungeon Crawl Stone Soup version 0.28-a0-750-g7c675f85b1 (webtiles) character file.

Game seed: 15666480845937953316

426 KoroneIsBestGirl the Chiller (level 6, 0/41 HPs)
             Began as a Barachi Ice Elementalist on Oct 29, 2021.
             Slain by Duvessa (7 damage)
             ... on level 4 of the Dungeon.
             The game lasted 00:07:32 (3982 turns).

KoroneIsBestGirl the Chiller (BaIE)                 Turns: 3982, Time: 00:07:32

Health: 0/41       AC:  7    Str:  9    XL:     6   Next: 97%
Magic:  1/12       EV: 13    Int: 17    God:
Gold:   207        SH:  0    Dex: 13    Spells: 9/13 levels left

rFire   + . .      SeeInvis .   h - +0 dagger
rCold   + . .      Faith    .   (no shield)
rNeg    + . .      Spirit   .   e - +0 leather armour
rPois   .          Reflect  .   (no helmet)
rElec   .          Harm     .   (no cloak)
rCorr   .          Rampage  .   (no gloves)
Will    .....                   (no boots)
Stlth   ++........              l - amulet of regeneration
HPRegen 1.13/turn               c - +4 ring of protection
MPRegen 0.13/turn               q - ring "Meapih" {rF+ rC+ rN+}

@: freezing walls, slow
A: amphibious, slowness 1, strong legs 1, +LOS
a: Hop


You were on level 4 of the Dungeon.
You visited 1 branch of the dungeon, and saw 4 of its levels.
You also visited: Ossuary.

You collected 207 gold pieces.

Inventory:

Hand Weapons
 h - a +0 dagger (weapon)
Missiles
 p - 2 throwing nets
Armour
 e - a +0 leather armour (worn)
Jewellery
 c - a +4 ring of protection (left hand)
 j - a ring of resist corrosion
 l - an amulet of regeneration (around neck)
 q - the ring "Meapih" (right hand) {rF+ rC+ rN+}
   (You found it on level 4 of the Dungeon)

   [ring of protection from cold]

   rF:        It protects you from fire.
   rC:        It protects you from cold.
   rN:        It protects you from negative energy.
Scrolls
 d - a scroll of amnesia {unknown}
 f - 5 scrolls of teleportation
 g - a scroll of vulnerability
 m - a scroll of torment {unknown}
 n - a scroll of fog {unknown}
 o - a scroll of magic mapping
 r - a scroll of identify {unknown}
 t - a scroll of summoning {unknown}
 v - a scroll of noise {unknown}
Potions
 a - a potion of berserk rage {unknown}
 b - 2 potions of heal wounds {unknown}
 i - 2 potions of might {unknown}
 k - a potion of brilliance {unknown}
 s - a potion of resistance {unknown}
 u - a potion of cancellation {unknown}
 w - 2 potions of curing {unknown}
 x - 2 potions of lignification {unknown}
 z - 2 potions of haste {unknown}


   Skills:
 + Level 3.6 Armour
 + Level 4.4 Dodging
 - Level 1.7 Stealth
 + Level 4.0 Spellcasting
 + Level 6.4 Ice Magic


You had 9 spell levels left.
You knew the following spells:

 Your Spells              Type           Power      Damage    Failure   Level
a - Freeze                Ice            100%       1d11      1%          1
b - Frozen Ramparts       Ice            50%        1d7       4%          3

Your spell library contained the following spells:

 Spells                   Type           Power      Damage    Failure   Level
 Ozocubu's Armour         Ice            25%        N/A       4%          3
 Apportation              Tloc           6%         N/A       22%         1
 Hailstorm                Conj/Ice       14%        3d5       50%         4
 Dazzling Flash           Conj/Hex       6%         N/A       54%         3
 Gell's Gravitas          Tloc           1%         N/A       54%         3
 Lesser Beckoning         Tloc           3%         N/A       54%         3
 Summon Guardian Golem    Hex/Summ       3%         N/A       54%         3
 Teleport Other           Tloc           3%         N/A       54%         3
 Iskenderun's Mystic Bla  Conj/Tloc      3%         2d3       91%         4
 Alistair's Intoxication  Tmut/Pois      2%         N/A       99%         5
 Invisibility             Hex            1%         N/A       100%        6
 Starburst                Conj/Fire      1%         6d3       100%        6
 Orb of Destruction       Conj           1%         N/A       100%        7
 Spellforged Servitor     Conj/Summ      1%         N/A       100%        7


Dungeon Overview and Level Annotations

Branches:
Dungeon (4/15)            Ossuary (visited)
 Temple: D:4-7

Altars:
Trog

Annotations:
D:4 Duvessa


Innate Abilities, Weirdness & Mutations

You are amphibious.
You cover ground slowly.
You can hop short distances.
You have an extended range of vision and can be seen from far away.


Message History

You start resting.
HP restored.
You start resting.
The frozen ramparts melt away.
Duvessa, Sister of Dowan comes into view.
She is wielding a +0 short sword.
Duvessa is nearby!
Duvessa is nearby!
Duvessa is nearby!
Duvessa shouts!
Duvessa goes berserk!
Casting: Freeze (safe; 1% risk of failure)
Confirm with . or Enter, or press ? or * to list all spells.
Casting: Frozen Ramparts (dangerous; 4% risk of failure)
Press: ? - help, Dir - look around, f - activate The walls around you are covered in ice.
The wall freezes Duvessa.
The wall freezes Duvessa.
You freeze Duvessa!
Duvessa is moderately wounded.
The wall freezes Duvessa.
Duvessa hits you with a +0 short sword!
The wall freezes Duvessa.
Duvessa barely misses you.
You freeze Duvessa.
Duvessa is heavily wounded.
The wall freezes Duvessa.
Duvessa barely misses you.
You are too depleted to draw on your mana recklessly!
You are too depleted to draw on your mana recklessly!
You are too depleted to draw on your mana recklessly!
You barely miss Duvessa.
Duvessa is heavily wounded.
The wall freezes Duvessa.
Duvessa hits you with a +0 short sword!
The wall freezes Duvessa.
Duvessa barely misses you.
You barely miss Duvessa.
Duvessa is severely wounded.
The wall freezes Duvessa.
Duvessa hits you with a +0 short sword!
* * * LOW HITPOINT WARNING * * *
You hit Duvessa but do no damage.
Duvessa is almost dead.
The wall freezes Duvessa.
Duvessa hits you with a +0 short sword.
* * * LOW HITPOINT WARNING * * *
The wall freezes Duvessa.
Duvessa hits you with a +0 short sword!
You die...

..... .#... .....
#... ..... ...#
...... #.... ..##
...... #.... .##
......##...# ## .#
#.......#...# ..#
.####..# #.......#
#..# ..##..#
#.....e# ##....
.....#
#....@##......
##...# ##....#...#
##..## ##.....#
##..# ###....##
##..## ##...#..#
##....####...##.).#
##......##...####..#
....###....### ...#
..### #....# #....


You could see Duvessa (berserk).

Vanquished Creatures
  3 water moccasin zombies (Ossuary)
  Dowan (D:4)
  An iguana (D:3)
  2 mummies (Ossuary)
  Robin (D:4)
  2 adders
  7 adder zombies (Ossuary)
  3 worms
  2 dart slugs
  An orc (D:4)
  4 bats
  2 endoplasms (D:2)
  A giant cockroach (D:2)
  3 gnoll zombies (Ossuary)
  11 hobgoblins
  4 jackals (D:2)
  4 kobolds
  2 quokkas (D:1)
  3 ball pythons
  3 frilled lizards
  15 goblins
  6 hobgoblin zombies (Ossuary)
  9 kobold zombies (Ossuary)
  6 orc zombies (Ossuary)
  A quokka skeleton (D:4)
  7 rats
104 creatures vanquished.

Notes
Turn   | Place    | Note
-------+----------+-------------------------------------------
     0 | D:1      | KoroneIsBestGirl the Barachi Ice Elementalist began the
                  | quest for the Orb.
     0 | D:1      | Reached XP level 1. HP: 13/13 MP: 3/3
   549 | D:1      | Found a faded altar of an unknown god.
   556 | D:1      | Reached skill level 5 in Ice Magic
   661 | D:1      | Reached XP level 2. HP: 19/19 MP: 3/5
  1306 | D:2      | Reached XP level 3. HP: 24/24 MP: 0/6
  1348 | D:2      | Reached skill level 1 in Armour
  1877 | D:3      | Learned a level 3 spell: Frozen Ramparts
  2007 | D:3      | Reached XP level 4. HP: 30/30 MP: 5/8
  2275 | D:3      | Found a bloodstained altar of Trog.
  2806 | D:4      | Noticed Robin
  2818 | D:4      | Killed Robin
  2823 | D:4      | Reached XP level 5. HP: 34/35 MP: 0/9
  2906 | D:4      | Found a sand-covered staircase.
  2922 | D:4      | Identified the ring "Meapih" {rF+ rC+ rN+}
  2938 | Ossuary  | Entered an ossuary
  3219 | Ossuary  | Reached skill level 6 in Ice Magic
  3350 | Ossuary  | Reached XP level 6. HP: 33/41 MP: 11/11
  3962 | D:4      | Noticed Dowan
  3969 | D:4      | Killed Dowan
  3974 | D:4      | Noticed Duvessa
  3982 | D:4      | Slain by Duvessa

Illustrated notes

Levels and vault maps discovered:
D:1:      eino_arrival_druids_welcome, layout_basic,
          hellmonk_ecumenical_altar_blasted
D:2:      layout_basic
D:3:      layout_loops_ring, trog_hazing_becter
D:4:      layout_layer_cave, temple_fountains, nicolae_ossuary_entry_monument,
          uniq_robin, uniq_duvessa, uniq_grinder

Skill      XL: |  1  2  3  4  5  6 |
---------------+-------------------+-----
Ice Magic      | 5 6 |  6.4
Armour         | 1 2 3 |  3.6
Dodging        | 3 4 |  4.4
Spellcasting   | 3 4 |  4.0
Stealth        | |  1.7

Action                   |  1- 3 |  4- 6 || total
-------------------------+-------+-------++-------
Melee: Unarmed           |     7 |       ||     7
       Dagger            |    47 |   416 ||   463
 Cast: Freeze            |    50 |    36 ||    86
       Frozen Ramparts   |       |    16 ||    16
  Use: Scroll            |       |     3 ||     3
Armor: Robe              |     4 |       ||     4
       Leather armour    |    29 |   167 ||   196
Dodge: Dodged            |    70 |   276 ||   346

Table legend: (Time is in decaauts)
 A = Elapsed time spent in this place.
 B = Non-inter-level travel time spent in this place.
 C = Inter-level travel time spent in this place.
 D = Time resting spent in this place.
 E = Time spent auto-exploring this place.
 F = Levels seen in this place.
 G = Mean time per level.
                   A        B        C        D        E       F      G
               +--------+--------+--------+--------+--------+-----+--------+
         Total |   4315 |   4188 |    127 |    559 |   2675 |   5 |  863.0 |
       Dungeon |   3449 |   3322 |    127 |    325 |   2483 |   4 |  862.2 |
       Ossuary |    866 |    866 |      0 |    234 |    192 |   1 |  866.0 |
               +--------+--------+--------+--------+--------+-----+--------+

Top non-repeatable levels by time:
     D:3: 1084 daAuts
     D:1: 1011 daAuts
     D:2: 926 daAuts
 Ossuary: 866 daAuts
     D:4: 427 daAuts
